AoeStats
← UF_KILL

Highland

506769805Analyzed
2v2 RM · 17d ago on Sep 15, 2026· 74m 22s· 4 players
Game mode
Random Map
Map size
Medium (4 player)
Population
200
Speed
Normal
Resources
Standard
Victory
Conquest
Starting age
Dark Age
Ending age
Imperial Age
RankedLock teamsTeams togetherTeam positionsShared explorationLock speedFull tech treeHidden civsTurbo modeCheats
Victory
Defeat
🇩🇪 Britons · Germany
627
+15
🇧🇷 Persians · Brazil
455
+22
🇨🇱 Franks · Chile
609
-19
576
-18
Roberto Manfinfla
5:31 Loom
11:55 Feudal Age
13:29 Wheelbarrow
13:58 Town Watch
15:02 Double-Bit Axe
25:18 Man-at-Arms
30:14 Castle Age
29:26 Stone Mining
29:27 Gold Mining
31:43 Hand Cart
31:45 Forging
34:18 Husbandry
36:51 Light Cavalry
41:53 Gold Shaft Mining
40:51 Pikeman
41:32 Squires
47:34 Bow Saw
47:28 Town Patrol
60:51 Imperial Age
63:36 Cavalier
66:41 Paladin
70:20 Fortified Wall
70:22 Masonry
70:08 Murder Holes
70:22 Siege Engineers
70:08 Guard Tower
70:32 Heavy Scorpion
72:31 Scale Mail Armor
TESTOSTERONA > 2000 ng/dL
11:30 Feudal Age
19:28 Forging
25:09 Castle Age
23:10 Man-at-Arms
32:39 Imperial Age
33:14 Iron Casting
32:48 Scale Barding Armor
32:43 Scale Mail Armor
35:23 Double-Bit Axe
35:07 Long Swordsman
35:50 Squires
35:16 Cavalier
36:28 Horse Collar
38:00 Wheelbarrow
37:27 Gold Mining
38:28 Ballistics
39:15 Hand Cart
40:56 Masonry
41:06 Pikeman
43:06 Blast Furnace
42:37 Chain Barding Armor
43:07 Halberdier
45:07 Husbandry
45:29 Gambesons
48:29 Chain Mail Armor
52:42 Plate Mail Armor
52:48 Plate Barding Armor
53:35 Chemistry
55:26 Bow Saw
55:56 Paladin
57:39 Caravan
58:10 Coinage
62:43 Onager
67:07 Two-Handed Swordsman
68:40 Champion
maxbrinkmann95
8:15 Loom
13:19 Feudal Age
14:42 Double-Bit Axe
14:40 Horse Collar
15:41 Wheelbarrow
21:48 Castle Age
24:09 Squires
25:35 Hand Cart
25:39 Bow Saw
25:45 Bow Saw
25:39 Heavy Plow
26:36 Hand Cart
28:09 Yeomen
29:16 Padded Archer Armor
30:40 Treadmill Crane
31:46 Fortified Wall
32:00 Ballistics
32:27 Stone Mining
32:29 Gold Mining
37:22 Imperial Age
36:30 Leather Archer Armor
36:06 Fletching
38:36 Conscription
39:51 Chemistry
40:48 Pikeman
42:26 Halberdier
42:40 Elite Longbowman
44:58 Caravan
45:14 Guilds
46:38 Warwolf
49:08 Two-Man Saw
49:34 Ring Archer Armor
50:24 Halberdier
52:09 Hoardings
51:44 Siege Engineers
51:51 Masonry
55:37 Architecture
55:04 Town Watch
56:27 Arson
56:28 Gambesons
56:42 Bodkin Arrow
56:59 Forging
56:49 Scale Mail Armor
57:01 Town Patrol
58:07 Husbandry
57:28 Light Cavalry
57:29 Cavalier
57:38 Cavalier
57:38 Light Cavalry
UF_KILL
14:55 Feudal Age
15:13 Horse Collar
15:22 Double-Bit Axe
16:46 Wheelbarrow
16:38 Stone Mining
16:45 Gold Mining
17:42 Padded Archer Armor
17:32 Fletching
17:44 Scale Mail Armor
21:59 Man-at-Arms
22:25 Arson
29:11 Castle Age
34:55 Coinage
34:57 Long Swordsman
35:38 Squires
35:48 Thumb Ring
35:48 Pikeman
37:30 Gambesons
39:49 Leather Archer Armor
39:51 Forging
41:19 Hand Cart
42:57 Caravan
43:20 Bodkin Arrow
44:02 Iron Casting
43:43 Chain Mail Armor
44:48 Crossbowman
44:49 Elite Skirmisher
57:27 Imperial Age
55:52 Kamandaran
58:37 Gold Shaft Mining
58:38 Stone Shaft Mining
58:16 Bow Saw
58:12 Heavy Plow
58:29 Citadels
57:45 Halberdier
59:27 Banking
59:08 Guilds
59:58 Plate Mail Armor
61:04 Blast Furnace
64:37 Elite War Elephant
Connection lost

Rejoining the realm…

Still unreachable

The connection could not be restored.

Session expired

The server has moved on; the page needs a fresh start.